 Dungeon Crawl Stone Soup version 0.30-a0-1164-ge08a67761e (webtiles) character file.

Game seed: 14301335725967509664

5014 domi the Slicer (level 10, 0/42 (47) HPs)
             Began as a Vine Stalker Fighter on Apr 29, 2023.
             Killed from afar by an orc sorcerer (25 damage)
             ... with a bolt of negative energy
             ... in a bailey.
             The game lasted 00:13:27 (6446 turns).

domi the Slicer (Vine Stalker Fighter)              Turns: 6446, Time: 00:13:28

HP:   0/42 (47)     AC: 12    Str: 19    XL:     10   Next: 54%
MP:   0/18          EV: 16    Int: 15    God:
Gold: 407           SH:  5    Dex: 14    Spells: 18/18 levels left

rFire   + . .        x - +4 dagger of Dithmenos's Fury {freeze, rF+ Will+ Int+3}
rCold   + . .        c - +0 buckler
rNeg    . . .        b - +1 scale mail
rPois   .            w - +0 helmet
rElec   .            (no cloak)
rCorr   .            i - +0 pair of gloves
SInv    .            s - +0 pair of boots
Will    ++...        (no amulet)
Stlth   ++           o - ring of protection from cold {rC+}
HPRegen 1.07/turn    e - +5 ring of evasion
MPRegen 0.16/turn

%: guardian spirit
@: studying Necromancy, heavily drained
A: fangs 3, regeneration 1, magic shield, antimagic bite, no potion heal 2
a: no special abilities


You were in a bailey.
You visited 1 branch of the dungeon, and saw 7 of its levels.
You also visited: Sewer and Bailey.

You collected 407 gold pieces.

Inventory:

Hand Weapons
 a - a +1 rapier of protection
 j - the +0 short sword "Eroalim" {vamp, Str+4}
   (You found it on level 2 of the Dungeon)

   Str:       It affects your strength (+4).
 x - the +4 dagger of Dithmenos's Fury (weapon) {freeze, rF+ Will+ Int+3}
   (You found it on level 3 of the Dungeon)

   Int:       It affects your intelligence (+3).
   rF:        It protects you from fire.
   Will:      It increases your willpower.
Missiles
 f - 5 curare-tipped darts (quivered) {=f}
Armour
 b - a +1 scale mail (worn)
 c - a +0 buckler (worn)
 i - a +0 pair of gloves (worn)
   (You found it on level 2 of the Dungeon)
 s - a +0 pair of boots (worn)
   (You found it on level 2 of the Dungeon)
 w - a +0 helmet (worn)
   (You found it on level 7 of the Dungeon)
Jewellery
 e - a +5 ring of evasion (right hand)
   (You found it on level 1 of the Dungeon)
 o - a ring of protection from cold (left hand) {rC+}
   (You found it on level 2 of the Dungeon)
 z - a ring of resist corrosion
   (You found it on level 4 of the Dungeon)
 B - a ring of see invisible {sInv}
   (You found it on level 7 of the Dungeon)
Scrolls
 h - a scroll of blinking
 k - 4 scrolls of enchant armour
 l - a scroll of magic mapping {!r}
 p - a scroll of fear
 y - a scroll of teleportation {@r4}
 A - 3 scrolls of identify {@r1}
 C - a scroll of acquirement
Potions
 d - 2 potions of might
 g - 2 potions of resistance {unknown}
 m - 3 potions of mutation {!q!q}
 n - 3 potions of brilliance {unknown}
 q - 4 potions of curing {@q1}
 r - a potion of cancellation
 t - 2 potions of heal wounds {unknown}
 u - 3 potions of haste {@q3}
 v - 4 potions of ambrosia {!q}


   Skills:
 - Level 2.6 Fighting
 + Level 8.1 Short Blades
 + Level 7.3 Armour
 + Level 5.1 Dodging
 - Level 5.0 Stealth
 - Level 4.0 Shields
 + Level 4.8 Spellcasting


You had 18 spell levels left.
You didn't know any spells.
Your spell library contained the following spells:

 Spells                   Type           Power      Damage    Failure   Level
 Kiss of Death            Conj/Necr      12%        2d6       50%         1
 Confusing Touch          Hex            3%         N/A       86%         3
 Dispel Undead            Necr           3%         3d7       99%         4


Dungeon Overview and Level Annotations

Branches:
Dungeon (7/15)             Temple (0/1) D:7           Sewer (visited)
 Bailey (1/1)

Altars:
Dithmenos
Fedhas
Gozag
Hepliaklqana
Makhleb
Vehumet
Xom
The Shining One

Shops:
D:3 (


Innate Abilities, Weirdness & Mutations

You have razor-sharp teeth.
Your natural rate of healing is unusually fast.
When hurt, damage is shared between your health and your magic reserves.
Your bite disrupts and absorbs the magic of your enemies.
Potions cannot restore your health.


Message History

You hit the goblin. You freeze the goblin. Your bite misses the goblin.
The goblin barely misses you. The orc hits you but does no damage.
You hit the goblin. You freeze the goblin.
You kill the goblin!
You barely miss the orc. Your bite misses the orc. You block the orc's attack.
You hit the goblin. You freeze the goblin.
You kill the goblin!
You block the orc's attack.
You barely miss the orc. You hit the orc. You freeze the orc.
Your bite misses the orc. The orc barely misses you.
You hit the orc. You freeze the orc. You block the orc's attack.
You closely miss the orc. Your bite misses the orc. You hit the orc.
You freeze the orc.
You kill the orc!
No target in view!
No target in view!
Things that are here:
a +0 hand axe; a +0 leather armour You open the door.
There is an open door here.
You open the door.
There is an open door here.
You open the door.
There is an open door here.
You now have 407 gold pieces (gained 16).
There is an open door here.
There is a gate leading back out of this place here.
You open the door. 2 orc sorcerers come into view.
The orc sorcerer shouts!
You hear a shout!
A goblin comes into view. It is wielding a +0 war axe.
A hobgoblin comes into view. It is wielding a +0 hand axe.
Found an iron altar of Okawaru.
There are monsters nearby!
The orc sorcerer gestures at you while chanting.
The bolt of negative energy misses you.
There is an open door here.
You hit the hobgoblin. You freeze the hobgoblin.
The hobgoblin attacks as you move away!
The hobgoblin hits you with a +0 hand axe.
The orc sorcerer mumbles some strange words.
You barely miss the goblin.
The orc sorcerer gestures wildly while chanting.
You hit the hobgoblin. You freeze the hobgoblin.
You kill the hobgoblin!
The goblin hits you but does no damage.
You barely miss the chaos spawn. You bite the chaos spawn. You drain its power.
You hit the chaos spawn but do no damage.
Your bite misses the chaos spawn. You block the chaos spawn's attack.
The goblin barely misses you.
You hit the chaos spawn but do no damage.
The chaos spawn hits you!
The chaos spawn draws strength from your injuries!
You block the goblin's attack.
The orc sorcerer casts a spell.
You hit the chaos spawn but do no damage.
You bite the chaos spawn. You drain its power. You barely miss the chaos spawn.
Your bite misses the chaos spawn. The chaos spawn misses you.
You block the goblin's attack. The orc sorcerer casts a spell at you.
The bolt of negative energy hits the chaos spawn.
The chaos spawn completely resists.
The bolt of negative energy hits you!
You feel drained.
You hit the chaos spawn but do no damage.
You bite the chaos spawn. You drain its power.
The orange demon barely misses you. The chaos spawn completely misses you.
You hit the chaos spawn but do no damage.
Your bite misses the chaos spawn. The goblin barely misses you.
The orange demon stings you but does no damage.
You puncture the chaos spawn! You freeze the chaos spawn.
You bite the chaos spawn, but do no damage.
The chaos spawn misses you. The goblin hits you with a +0 war axe.
You hit the chaos spawn. You freeze the chaos spawn.
You block the orange demon's attack.
You hit the chaos spawn. You freeze the chaos spawn.
Your bite misses the chaos spawn. The chaos spawn barely misses you.
The goblin closely misses you.
The orc sorcerer mumbles some strange words.
The orc sorcerer's hands start to glow.
The orc sorcerer points at you and mumbles some strange words.
The bolt of negative energy hits the chaos spawn.
The chaos spawn completely resists.
The bolt of negative energy hits you!
You feel drained.
You are too injured to fight recklessly!
You are too injured to fight recklessly!
You are too injured to fight recklessly!
Unknown command.
You hit the goblin. You freeze the goblin.
You kill the goblin!
The orange demon closely misses you. The chaos spawn closely misses you.
You hit the chaos spawn. You freeze the chaos spawn.
The hellwing swoops through the air toward you!
The hellwing misses you. The hellwing barely misses you.
The orc sorcerer casts a spell at you.
The bolt of negative energy hits the chaos spawn.
The chaos spawn completely resists.
The bolt of negative energy hits you!!
You feel drained.
Ouch! That really hurt!
You die...

#.8...#.....#...8.#
#.....#######.....#
#)8#############8.#
#))#...........#..#
#)8#...........#8.#
≈≈≈≈≈~.#).#....._.....#..#.~≈≈≈≈≈
≈≈≈≈≈~.##'#....4oo....#)##.~≈≈≈≈≈
≈≈≈≈≈~.#..# ##4## #))#.~≈≈≈≈≈
≈≈≈≈≈~.#..# #)@.# #..#.~≈≈≈≈≈
≈≈≈≈≈~.#..# #.4.# #..#.~≈≈≈≈≈
≈≈≈≈≈~.#..# #8.8# #..#.~≈≈≈≈≈
≈≈≈≈≈~.#..# #...# #..#.~≈≈≈≈≈
#'#'## ###8.8###+##'#'# #....#
).#...#.[[#....#
#.)))#)).#...#.[[#....#
###.)######.######..###
#.'........∩........'.#


You could see an orange demon (summoned), a hellwing (summoned), a chaos spawn
(summoned) and 2 orc sorcerers.

Vanquished Creatures
  A two-headed ogre (D:5)
  Pikel (D:7)
  Maggie (D:6)
  Grinder (D:4)
  A wyvern (D:7)
  2 water moccasins (D:6)
  4 sky beasts
  Pargi (Sewer)
  A black bear (D:6)
  6 orc warriors (Bailey)
  3 ogres
  7 phantoms
  Blork the orc (D:6)
  2 bullfrogs
  A gnoll sergeant (D:6)
  2 scorpions
  2 electric eels (Bailey)
  A crimson imp (D:5)
  A jelly (D:5)
  A gnoll bouda (D:6)
  3 orc priests
  A hound (D:6)
  2 iguanas (D:5)
  A sleepcap (D:5)
  4 orc wizards
  12 gnolls
  13 adders
  2 white imps
  3 ufetubi
  A worm (D:3)
  2 dart slugs (D:1)
  27 orcs
  10 ball pythons
  5 bats
  5 endoplasms
  5 giant cockroaches
  21 goblins
  9 hobgoblins
  4 jackals (D:1)
  8 kobolds
  5 quokkas
  6 frilled lizards
  A goblin skeleton (D:4)
  2 goblin zombies (D:4)
  2 hobgoblin zombies (D:4)
  3 orc skeletons (D:4)
  An orc zombie (D:4)
  6 rats
204 creatures vanquished.

Notes
Turn   | Place    | Note
-------+----------+-------------------------------------------
     0 | D:1      | domi the Vine Stalker Fighter began the quest for the Orb.
     0 | D:1      | Reached XP level 1. HP: 11/11 MP: 2/2
   173 | D:1      | Reached skill level 2 in Short Blades
   173 | D:1      | Reached skill level 3 in Shields
   173 | D:1      | Reached XP level 2. HP: 16/16 MP: 3/3
   793 | D:1      | Reached XP level 3. HP: 19/19 MP: 4/4
  1236 | D:2      | Identified the +0 short sword "Eroalim" {vamp, Str+4}
  1297 | D:2      | Found an opulent altar of Gozag.
  1784 | D:3      | Found Sempud's Weapon Emporium.
  1807 | D:3      | Found a radiant altar of Vehumet.
  1950 | D:3      | Gained mutation: Your natural rate of healing is unusually
                  | fast. [Vine Stalker growth]
  1950 | D:3      | Reached XP level 4. HP: 17/23 MP: 5/5
  1960 | D:3      | Reached skill level 4 in Shields
  2236 | D:3      | Identified the +4 dagger of Dithmenos's Fury {freeze, rF+
                  | Will+ Int+3}
  2359 | D:3      | Reached skill level 3 in Short Blades
  2359 | D:3      | Reached skill level 1 in Stealth
  2848 | D:4      | Noticed Grinder
  2866 | D:4      | Killed Grinder
  2867 | D:4      | Reached skill level 3 in Armour
  2867 | D:4      | Reached skill level 3 in Stealth
  2867 | D:4      | Reached XP level 5. HP: 27/27 MP: 6/6
  2867 | D:4      | Reached XP level 6. HP: 32/32 MP: 7/7
  2887 | D:4      | Noticed a sky beast
  2899 | D:4      | Killed a sky beast
  2900 | D:4      | Reached skill level 4 in Short Blades
  2923 | D:4      | Reached skill level 4 in Stealth
  2923 | D:4      | Reached XP level 7. HP: 35/35 MP: 8/8
  2930 | D:4      | Found a blossoming altar of Fedhas.
  2964 | D:4      | Found a glowing drain.
  2986 | Sewer    | Entered a sewer
  3056 | Sewer    | Noticed Pargi
  3070 | Sewer    | Killed Pargi
  3165 | D:4      | Reached skill level 4 in Armour
  3177 | D:4      | Reached skill level 5 in Stealth
  3384 | D:4      | Found a glowing golden altar of the Shining One.
  3543 | D:4      | Reached skill level 5 in Short Blades
  3560 | D:4      | Gained mutation: You have razor-sharp teeth. [Vine Stalker
                  | growth]
  3560 | D:4      | Reached XP level 8. HP: 39/39 MP: 9/9
  4075 | D:5      | Entered Level 5 of the Dungeon
  4138 | D:5      | Reached skill level 5 in Armour
  4442 | D:5      | Noticed a shadow
  4445 | D:5      | Found a shadowy altar of Dithmenos.
  4446 | D:5      | Found a hazy altar of Hepliaklqana.
  4628 | D:5      | Reached skill level 1 in Dodging
  4671 | D:5      | Noticed a two-headed ogre
  4676 | D:5      | Killed a two-headed ogre
  4677 | D:5      | Reached skill level 6 in Short Blades
  4677 | D:5      | Reached skill level 6 in Armour
  4677 | D:5      | Reached skill level 3 in Dodging
  4677 | D:5      | Reached XP level 9. HP: 19/43 MP: 8/10
  4810 | D:5      | Found a burning altar of Makhleb.
  4810 | D:5      | Found a shimmering altar of Xom.
  4878 | D:6      | Reached skill level 1 in Spellcasting
  4899 | D:6      | Identified a scroll of acquirement
  4899 | D:6      | Acquired a manual of Necromancy
  4973 | D:6      | Noticed Maggie
  5000 | D:6      | Killed Maggie
  5001 | D:6      | Reached skill level 7 in Short Blades
  5001 | D:6      | Reached skill level 2 in Spellcasting
  5053 | D:6      | Noticed Blork the orc
  5064 | D:6      | Reached skill level 4 in Dodging
  5068 | D:6      | Killed Blork the orc
  5069 | D:6      | Reached skill level 3 in Spellcasting
  5117 | D:6      | Reached XP level 10. HP: 41/47 MP: 12/16
  5671 | D:7      | Reached skill level 7 in Armour
  5671 | D:7      | Reached skill level 4 in Spellcasting
  5723 | D:7      | Noticed Pikel
  5743 | D:7      | Killed Pikel
  5760 | D:7      | Found a flagged portal.
  5773 | Bailey   | Entered a bailey
  5898 | Bailey   | Reached skill level 8 in Short Blades
  5932 | Bailey   | Reached skill level 5 in Dodging
  6429 | Bailey   | Found an iron altar of Okawaru.
  6429 | Bailey   | Noticed an orc sorcerer
  6429 | Bailey   | Noticed an orc sorcerer
  6434 | Bailey   | Noticed an orange demon
  6446 | Bailey   | Killed from afar by an orc sorcerer

Illustrated notes

Levels and vault maps discovered:
D:1:      reono_arrival_mine, layout_basic, chequers_garden, roderic_lattice_a,
          chequers_serial_rivers_marsh
D:2:      layout_basic, basic_altar, dk_noncrumbling_2
D:3:      layout_basic, nicolae_vehumet_altar_sigil, serial_shops, shop,
          hangedman_abyss_or_decor_stabs
D:4:      minmay_diamond_boxcup, layout_gridville, nicolae_tso_besieged_by_evil,
          mainiacjoe_overflow_catwalk, gup_sewer_entry_glass, uniq_grinder
D:5:      layout_loops_ring, grunt_temple_overflow_champion_of_chaos,
          riverfiend_overflow_shadow_ancestor
D:6:      layout_basic, uniq_maggie, uniq_blork_the_orc
D:7:      layout_basic, nicolae_ashenzari_skybound, kennysheep_mini_moat,
          temple_green, gammafunk_ghost_wrathful_warriors, enter_bailey_4,
          feat_on_display, uniq_prince_ribbit1, uniq_pikel, uniq_menkaure
Bailey:   bailey_axe_of_yendor_kennysheep, bailey

Skill      XL: |  1  2  3  4  5  6  7  8  9 10 |
---------------+-------------------------------+-----
Short Blades   | 2 3 4 5 6 7 8 |  8.1
Shields        | 3 4 |  4.0
Stealth        | 3 4 5 |  5.0
Armour         | 3 4 6 7 |  7.3
Dodging        | 3 4 5 |  5.1
Spellcasting   | 3 4 |  4.8
Fighting       | |  2.6

Action                     |  1- 3 |  4- 6 |  7- 9 | 10-12 || total
---------------------------+-------+-------+-------+-------++-------
  Melee: Rapier            |   114 |    57 |       |       ||   171
         Bite              |    28 |    26 |    99 |    80 ||   233
         Dagger            |       |    36 |   364 |   271 ||   671
    Use: Scroll            |       |    11 |     5 |     2 ||    18
   Stab: Sleeping          |       |       |     3 |     1 ||     4
 Armour: Scale mail        |    50 |    23 |    86 |    38 ||   197
  Dodge: Dodged            |    51 |    28 |   169 |   131 ||   379
  Block: Buckler           |    31 |    15 |    61 |    52 ||   159

Table legend: (Time is in decaauts)
 A = Elapsed time spent in this place.
 B = Non-inter-level travel time spent in this place.
 C = Inter-level travel time spent in this place.
 D = Time resting spent in this place.
 E = Time spent auto-exploring this place.
 F = Levels seen in this place.
 G = Mean time per level.
                   A        B        C        D        E       F      G
               +--------+--------+--------+--------+--------+-----+--------+
         Total |   6304 |   5939 |    365 |    327 |   4326 |   9 |  700.4 |
       Dungeon |   5480 |   5115 |    365 |     26 |   4064 |   7 |  782.9 |
         Sewer |    205 |    205 |      0 |      0 |    143 |   1 |  205.0 |
        Bailey |    617 |    617 |      0 |    301 |    118 |   1 |  617.0 |
               +--------+--------+--------+--------+--------+-----+--------+

Top non-repeatable levels by time:
     D:1: 1246 daAuts
     D:4: 1060 daAuts
     D:3: 1039 daAuts
     D:5: 755 daAuts
     D:6: 708 daAuts
  Bailey: 617 daAuts
     D:2: 547 daAuts
   Sewer: 205 daAuts
     D:7: 122 daAuts

Levels and vault maps discovered:
D:1:      reono_arrival_mine, layout_basic, chequers_garden, roderic_lattice_a,
          chequers_serial_rivers_marsh
D:2:      layout_basic, basic_altar, dk_noncrumbling_2
D:3:      layout_basic, nicolae_vehumet_altar_sigil, serial_shops, shop,
          hangedman_abyss_or_decor_stabs
D:4:      minmay_diamond_boxcup, layout_gridville, nicolae_tso_besieged_by_evil,
          mainiacjoe_overflow_catwalk, gup_sewer_entry_glass, uniq_grinder
D:5:      layout_loops_ring, grunt_temple_overflow_champion_of_chaos,
          riverfiend_overflow_shadow_ancestor
D:6:      layout_basic, uniq_maggie, uniq_blork_the_orc
D:7:      layout_basic, nicolae_ashenzari_skybound, kennysheep_mini_moat,
          temple_green, gammafunk_ghost_wrathful_warriors, enter_bailey_4,
          feat_on_display, uniq_prince_ribbit1, uniq_pikel, uniq_menkaure
Bailey:   bailey_axe_of_yendor_kennysheep, bailey

Table legend: (Time is in decaauts)
 A = Elapsed time spent in this place.
 B = Non-inter-level travel time spent in this place.
 C = Inter-level travel time spent in this place.
 D = Time resting spent in this place.
 E = Time spent auto-exploring this place.
 F = Levels seen in this place.
 G = Mean time per level.
                   A        B        C        D        E       F      G
               +--------+--------+--------+--------+--------+-----+--------+
         Total |   6304 |   5939 |    365 |    327 |   4326 |   9 |  700.4 |
       Dungeon |   5480 |   5115 |    365 |     26 |   4064 |   7 |  782.9 |
         Sewer |    205 |    205 |      0 |      0 |    143 |   1 |  205.0 |
        Bailey |    617 |    617 |      0 |    301 |    118 |   1 |  617.0 |
               +--------+--------+--------+--------+--------+-----+--------+

Top non-repeatable levels by time:
     D:1: 1246 daAuts
     D:4: 1060 daAuts
     D:3: 1039 daAuts
     D:5: 755 daAuts
     D:6: 708 daAuts
  Bailey: 617 daAuts
     D:2: 547 daAuts
   Sewer: 205 daAuts
     D:7: 122 daAuts

Table legend:
 A = Kills in this place as a percentage of kills in the entire game.
 B = Kills by you in this place as a percentage of kills by you in the entire game.
 C = Kills by friends in this place as a percentage of kills by friends in the entire game.
 D = Other kills in this place as a percentage of other kills in the entire game.
 E = Experience gained in this place as a percentage of experience gained in the entire game.
 F = Experience gained in this place divided by the number of levels of this place that you have seen.
                   A       B       C       D       E      F
               +-------+-------+-------+-------+-------+----------------------
         Total | 100.0 | 100.0 |   N/A |   N/A | 100.0 | 796.0
       Dungeon |  81.4 |  81.4 |   N/A |   N/A |  84.1 | 861.1
         Sewer |   3.4 |   3.4 |   N/A |   N/A |   1.9 | 136.0
        Bailey |  15.2 |  15.2 |   N/A |   N/A |  14.0 | 1000.0
               +-------+-------+-------+-------+-------+----------------------
